 Dungeon Crawl Stone Soup version 0.20.0-15-g7f486f2 (webtiles) character file.

21 vishdafish the Sneak (level 2, -1/22 HPs)
             Began as a Naga Enchanter on June 30, 2017.
             Slain by a hobgoblin (4 damage)
             ... on level 1 of the Dungeon.
             The game lasted 00:03:51 (879 turns).

vishdafish the Sneak (Naga Enchanter)                Turns: 879, Time: 00:03:52

Health: -1/22      AC:  1    Str: 13    XL:     2   Next: 87%
Magic:  5/5        EV: 10    Int: 15    God:
Gold:   36         SH:  0    Dex: 11    Spells: 4/5 levels left

rFire    . . .     SeeInvis +   a - +1 dagger
rCold    + . .     Gourm    .   (no shield)
rNeg     . . .     Faith    .   b - +0 robe
rPois    +         Spirit   .   (no helmet)
rElec    .         Reflect  .   (no cloak)
rCorr    .         Harm     .   (no gloves)
MR       .....                  (no barding)
Stlth    +++.......             (no amulet)
Regen    0.1/turn               f - ring of protection from cold
MPRegen  0.1/turn               k - +3 ring of strength

@: short of breath, hasted, quick
A: see invisible, deformed body, poison resistance, slowness 2, slow metabolism
1, spit poison 1, AC +0
a: Spit Poison


You were on level 1 of the Dungeon.
You were not hungry.

You visited 1 branch of the dungeon, and saw 1 of its levels.

You collected 36 gold pieces.

Inventory:

Hand Weapons
 a - a +1 dagger (weapon)
Armour
 b - a +0 robe (worn)
Jewellery
 f - a ring of protection from cold (left hand)
 k - a +3 ring of strength (right hand)
Scrolls
 e - a scroll of noise {unknown}
 g - a scroll of immolation {unknown}
 i - a scroll of teleportation {unknown}
 j - 2 scrolls of identify {unknown}
 n - a scroll of enchant weapon {unknown}
Potions
 h - a potion of curing {unknown}
 l - a potion of brilliance {unknown}
 p - a potion of lignification {unknown}
 q - a potion of flight {unknown}
Books
 c - a book of Maledictions

   Spells                             Type                      Level
   a - Corona                         Hexes                        1
   b - Ensorcelled Hibernation        Hexes/Ice                    2
   c - Confuse                        Hexes                        3
   d - Tukima's Dance                 Hexes                        3
   e - Dazzling Spray                 Conjuration/Hexes            3
Comestibles
 d - 3 bread rations
 m - a meat ration


   Skills:
 + Level 1.5 Short Blades
 + Level 1.7 Dodging
 + Level 4.7 Stealth
 * Level 2.2 Spellcasting
 + Level 3.2 Hexes


You had 4 spell levels left.
You knew the following spells:

 Your Spells              Type           Power        Failure   Level  Hunger
a - Corona                Hex            ##.....      6%          1    #......


Dungeon Overview and Level Annotations

Branches:
Dungeon (1/15)

Altars:


Innate Abilities, Weirdness & Mutations

You cannot wear boots.
Your serpentine skin is tough. (AC +0)
You have supernaturally acute eyesight. (SInv)
Armour fits poorly on your strangely shaped body.
Your system is resistant to poisons. (rPois)
You cover ground very slowly.
You have a slow metabolism.
You can spit poison.


Message History

You feel slightly more hungry. The hobgoblin hits you.
* * * LOW HITPOINT WARNING * * *
You closely miss the hobgoblin.
The hobgoblin hits you but does no damage.
The jackal barks!
You hit the hobgoblin but do no damage. The hobgoblin hits you.
* * * LOW HITPOINT WARNING * * *
It was a potion of haste.
You feel yourself speed up. The hobgoblin barely misses you.
You have got your breath back.
Press: ? - help, Shift-Dir - straight line, f - hobgoblin
Aim: a hobgoblin The splash of poison misses the hobgoblin.
The splash of poison misses the jackal.
You feel slightly more hungry.
You have got your breath back.
Press: ? - help, Shift-Dir - straight line, f - jackal, p - hobgoblin
Aim: a jackal The splash of poison misses the jackal.
You feel slightly more hungry. The jackal closely misses you.
The hobgoblin hits you.
You die...

#................. ...
#................. ...
#................. ...
#................. ...
#..........####### ... ...
#...........# #..........
#...........#######..........
####....#............#.......
####....#...@h.......#.......
#†......#....g...............
#......###.............######
#......# #.##...............#
#......###.##.........†.....#
#..........##...............#
###........##...............#
#........##..?.......##...#
#.....##.##..........# ..#


You could see a jackal and a hobgoblin.

Vanquished Creatures
  A dart slug (D:1)
  A leopard gecko (D:1)
  A bat (D:1)
  4 goblins (D:1)
  2 hobgoblins (D:1)
  2 jackals (D:1)
  2 frilled lizards (D:1)
  2 kobolds (D:1)
  3 rats (D:1)
18 creatures vanquished.

Notes
Turn   | Place    | Note
-------+----------+-------------------------------------------
     0 | D:1      | vishdafish the Naga Enchanter began the quest for the Orb.
     0 | D:1      | Reached XP level 1. HP: 15/15 MP: 3/3
   373 | D:1      | Reached XP level 2. HP: 14/22 MP: 5/5
   879 | D:1      | Slain by a hobgoblin

Action                   || total
-------------------------++-------
Melee: Dagger            ||    58
 Abil: Spit Poison       ||    12
  Use: Potion            ||     1
 Stab: Sleeping          ||     1
Armor: Robe              ||     8
Dodge: Dodged            ||    30
